 Dungeon Crawl Stone Soup version 0.29.1-2-gbd0b4ee654 (webtiles) character file.

Game seed: 9281812581540512048

935 safid the Skirmisher (level 7, 0/74 HPs)
             Began as a Minotaur Hunter on Nov 3, 2022.
             Slain by Pikel
             ... wielding a +1 whip of freezing
              (2 damage)
             ... on level 5 of the Dungeon.
             The game lasted 00:09:09 (4534 turns).

safid the Skirmisher (Minotaur Hunter)              Turns: 4534, Time: 00:09:10

Health: 0/74       AC:  7    Str: 16    XL:     7   Next: 87%
Magic:  6/6        EV: 10    Int:  6    God:
Gold:   188        SH:  4    Dex: 15    Spells: 6/6 levels left

rFire   . . .      SeeInvis .   a - +0 shortbow
rCold   . . .      Faith    .   (shield currently unavailable)
rNeg    . . .      Spirit   .   y - +0 scale mail
rPois   +          Reflect  .   (helmet restricted)
rElec   .          Harm     .   (no cloak)
rCorr   .          Rampage  .   (no gloves)
Will    .....                   q - +0 pair of boots
Stlth   ..........              (no amulet)
HPRegen 0.22/turn               g - ring of poison resistance
MPRegen 0.10/turn               (no ring)

@: no status effects
A: horns 2, retaliatory headbutt, large bone plates 1, robust 1
a: no special abilities


You were on level 5 of the Dungeon.
You visited 1 branch of the dungeon, and saw 5 of its levels.
You also visited: Sewer.

You collected 188 gold pieces.

Inventory:

Hand Weapons
 a - a +0 shortbow (weapon)
Missiles
 r - a throwing net
 v - 2 curare-tipped darts
Armour
 q - a +0 pair of boots (worn)
 t - a +0 leather armour of fire resistance
 y - a +0 scale mail (worn)
Jewellery
 g - a ring of poison resistance (left hand)
Wands
 e - a wand of iceblast (3)
 x - a wand of polymorph (12)
Scrolls
 f - 3 scrolls of butterflies {unknown}
 h - 3 scrolls of identify {unknown}
 k - 2 scrolls of vulnerability {unknown}
 p - 4 scrolls of teleportation {unknown}
 s - a scroll of brand weapon {unknown}
Potions
 c - a potion of magic {unknown}
 i - 2 potions of might {unknown}
 j - 3 potions of mutation
 l - 4 potions of brilliance {unknown}
 m - 2 potions of attraction {unknown}
 n - a potion of flight {unknown}
 o - a potion of cancellation {unknown}
 u - a potion of heal wounds {unknown}
 w - a potion of haste {unknown}


   Skills:
 - Level 8.0 Fighting
 + Level 8.3 Ranged Weapons
 - Level 2.1 Dodging
 - Level 0.7 Stealth


You had 6 spell levels left.
You didn't know any spells.
Your spell library contained the following spells:

 Spells                   Type           Power      Damage    Failure   Level
 Apportation              Tloc           0%         N/A       88%         1
 Necrotise                Necr           0%         1d4       88%         1
 Summon Small Mammal      Summ           0%         N/A       88%         1


Dungeon Overview and Level Annotations

Branches:
Dungeon (5/15)             Temple (0/1) D:5           Sewer (visited)

Altars:
Fedhas
Yredelemnul

Annotations:
D:5 Pikel


Innate Abilities, Weirdness & Mutations

You have a pair of horns on your head.
You reflexively headbutt those who attack you in melee.
You are partially covered in large bone plates. (SH +4)
You are robust. (+10% HP)


Message History

* * * LOW HITPOINT WARNING * * *
Pikel freezes you.
* * * LOW HITPOINT WARNING * * *
The lemure hits you but does no damage.
You feel better.
Pikel hits you with a +1 whip of freezing.
* * * LOW HITPOINT WARNING * * *
Pikel freezes you.
* * * LOW HITPOINT WARNING * * *
The lemure barely misses you. You furiously retaliate!
You headbutt the lemure, but do no damage.
Fire: a) +0 shortbow
Press: ? - help, Q - select action, (/) - cycle Shift-Dir - straight line, f/p - Pikel
Aim: Pikel, wielding a +1 whip of freezing and wearing a +1 robe of resistance (severely wounded, 61% to hit)
You shoot an arrow. The arrow closely misses Pikel.
Pikel hits you with a +1 whip of freezing.
* * * LOW HITPOINT WARNING * * *
Pikel freezes you.
* * * LOW HITPOINT WARNING * * *
The lemure hits you but does no damage.
Unknown command.
You feel better. You block Pikel's attack. The lemure hits you.
* * * LOW HITPOINT WARNING * * *
Fire: a) +0 shortbow
Press: ? - help, Q - select action, (/) - cycle Shift-Dir - straight line, f/p - Pikel
Aim: Pikel, wielding a +1 whip of freezing and wearing a +1 robe of resistance (severely wounded, 61% to hit)
You shoot an arrow. The arrow closely misses Pikel.
You block Pikel's attack. The lemure hits you but does no damage.
Pikel misses you. The lemure closely misses you.
Unknown command.
Fire: a) +0 shortbow
Press: ? - help, Q - select action, (/) - cycle Shift-Dir - straight line, f/p - Pikel
Aim: Pikel, wielding a +1 whip of freezing and wearing a +1 robe of resistance (severely wounded, 61% to hit)
You shoot an arrow. The arrow hits Pikel!
Pikel is almost dead.
Pikel says, "Hell isn't that bad."
Pikel hits you with a +1 whip of freezing!
* * * LOW HITPOINT WARNING * * *
Pikel freezes you.
You die...

## # #.#.#.###.##≈#≈≈# ~#
.##..#.#.#.#.#...#o#≈≈≈≈≈≈≈≈# #
..............(#.#.~≈#≈≈≈#≈≈#..
.#...o#####.####.#.##≈≈≈≈≈≈##.#
........###.# #....#≈≈#≈≈≈≈...
#.5.##....?# #....~##≈≈###..#
#.......##.# #......~~##.....
..##.#..#######)......).......
.. #....÷)5@K..##...#.......
..#....#########.###..#.......
# #.#..# #.# #..####.... ..
#..# #.# ##.# ##### >.# ...#
#.# #># . .##.# #.# #.# #. ..#
#.# #.# # #.# #.# #.# #.#


You could see Pikel and a lemure.

Vanquished Creatures
  A water moccasin (D:5)
  A black bear (D:4)
  3 lemures (D:5)
  2 kobold brigands (Sewer)
  2 howler monkeys
  An orc priest (D:5)
  4 hounds
  Ijyb (D:4)
  An iguana (D:5)
  4 orc wizards (D:5)
  6 adders
  5 gnolls
  A white imp (D:5)
  An ufetubus (D:4)
  2 worms
  6 orcs
  3 bats
  11 endoplasms
  4 giant cockroaches
  9 goblins
  2 hobgoblins
  13 jackals
  8 quokkas
  12 ball pythons
  4 frilled lizards
  13 kobolds
  12 rats
132 creatures vanquished.

Notes
Turn   | Place    | Note
-------+----------+-------------------------------------------
     0 | D:1      | safid the Minotaur Hunter began the quest for the Orb.
     0 | D:1      | Reached XP level 1. HP: 18/18 MP: 0/0
   159 | D:1      | Reached XP level 2. HP: 25/25 MP: 1/1
   637 | D:1      | Reached skill level 5 in Ranged Weapons
   637 | D:1      | Reached XP level 3. HP: 27/31 MP: 2/2
  1086 | D:2      | Reached XP level 4. HP: 40/40 MP: 3/3
  1917 | D:3      | Reached XP level 5. HP: 33/47 MP: 4/4
  1930 | D:3      | Reached skill level 5 in Fighting
  2297 | D:3      | Found a faded altar of an unknown god.
  2409 | D:4      | Noticed a black bear
  2417 | D:4      | Killed a black bear
  2418 | D:4      | Reached XP level 6. HP: 31/56 MP: 5/5
  2434 | D:4      | Noticed Ijyb
  2450 | D:4      | Killed Ijyb
  2512 | D:4      | Found a glowing drain.
  2516 | Sewer    | Entered a sewer
  3222 | D:4      | Found a basalt altar of Yredelemnul.
  3248 | D:4      | Reached XP level 7. HP: 50/64 MP: 6/6
  3510 | D:4      | Found a blossoming altar of Fedhas.
  3867 | D:5      | Entered Level 5 of the Dungeon
  4148 | D:5      | Found a staircase to the Ecumenical Temple.
  4519 | D:5      | Noticed Pikel
  4523 | D:5      | Gained mutation: You are robust. (+10% HP) [potion of
                  | mutation]
  4523 | D:5      | Gained mutation: You are partially covered in large bone
                  | plates. (SH +4) [potion of mutation]
  4531 | D:5      | HP: 3/74 [Pikel/+1 whip of freezing (2)]
  4534 | D:5      | Slain by Pikel

Illustrated notes

Levels and vault maps discovered:
D:1:      sevenhm_arrival_forest_fort_small_3, layout_basic
D:2:      layout_basic, feat_on_display
D:3:      layout_rooms, shapermc_ecumenical_altar_petra, minmay_liquid_box,
          cheibrodos_gnoll_hut
D:4:      layout_loops_ring, mainiacjoe_overflow_big_doors,
          gup_sewer_entry_bowl, uniq_ijyb
D:5:      layout_basic, minmay_temple_entry_ruins, minmay_misc_feat_rows,
          minivault_4, feat_on_display, uniq_pikel, uniq_blork_the_orc

Skill      XL: |  1  2  3  4  5  6  7 |
---------------+----------------------+-----
Fighting       | 3 4 5 6 8 |  8.0
Ranged Weapons | 5 6 7 8 |  8.3
Dodging        | |  2.1
Stealth        | |  0.7

Action                   |  1- 3 |  4- 6 |  7- 9 || total
-------------------------+-------+-------+-------++-------
 Fire: Shortbow          |    89 |   179 |   140 ||   408
  Use: Potion            |       |     2 |     4 ||     6
Armor: Leather armour    |    10 |    22 |    11 ||    43
       Skin              |       |    11 |       ||    11
       Scale mail        |       |       |    33 ||    33
Dodge: Dodged            |    33 |    65 |    38 ||   136
Block: Other             |       |       |     3 ||     3
